Workbook

Sheet Planilha
A6: PLANILHA ORÇAMENTARIA
A7: Empresa: | C7: xxxx
A8: CNPJ:
A9: Endereço: | C9: rua | H9: N°: | I9: xx
A10: Bairro: | C10: centro | H10: CEP.: | I10: 90000000
A11: Cidade: | C11: monte | H11: Estado: | I11: RS
A12: OBRA: | C12: CENTRO SOCIAL E ALMOXARIFADO
A13: Endereço: | C13: RUA JOSÉ BOEIRA DE VARGAS
A14: Cidade/UF: | C14: MONTE ALEGRE DOS CAMPOS / RS
H15: BDI (%): | I15: =BDI!C35 -> 0.2258
A16: ITEM | B16: QUANT | C16: UND | D16: DESCRIÇÃO | E16: R$ UNIT. MAT. S/ BDI | F16: R$ UNIT. MO S/BDI | G16: R$ UNIT. S/ BDI | H16: R$ UNIT. C/ BDI | I16: R$ TOTAL
A18: 1 | B18: 9 | C18: UND | D18: SAPATA RASA 20x100x150 cm C/ CALICE | E18: =G18-F18 -> 1228.5022 | F18: =G18*$H$40 -> 136.50024 | G18: 1365.0024 | H18: =G18*(1+$I$15) -> 1673.22 | I18: =ROUND(H18*B18,2) -> 15058.98 | J18: 1673.22 | K18: =J18/1.2258 -> 1365.0024
A19: 2 | B19: 6 | C19: UND | D19: SAPATA RASA EXCÊNTRICA 20X120X175 CM C/ CÁLICE | E19: =G19-F19 -> 2304.0015 | F19: =G19*$H$40 -> 256.00016 | G19: 2560.0016 | H19: =G19*(1+$I$15) -> 3138.05 | I19: =ROUND(H19*B19,2) -> 18828.3 | J19: 3138.05 | K19: =J19/1.2258 -> 2560.0016
A20: 3 | B20: 8 | C20: UND | D20: PILAR CONCRETO 25X30cm C/ CABEÇA - 6,80m | E20: =G20-F20 -> 2181.4831 | F20: =G20*$H$40 -> 242.38701 | G20: 2423.8701 | H20: =G20*(1+$I$15) -> 2971.18 | I20: =ROUND(H20*B20,2) -> 23769.44 | J20: 2971.18 | K20: =J20/1.2258 -> 2423.8701
A21: 4 | B21: 2 | C21: UND | D21: PILAR CONCRETO 25X30cm C/ CABEÇA - 8,60m | E21: =G21-F21 -> 2740.3598 | F21: =G21*$H$40 -> 304.48442 | G21: 3044.8442 | H21: =G21*(1+$I$15) -> 3732.37 | I21: =ROUND(H21*B21,2) -> 7464.74 | J21: 3732.37 | K21: =J21/1.2258 -> 3044.8442
A22: 5 | B22: 1 | C22: UND | D22: PILAR CONCRETO 25X30cm C/ CONSOLE - 8,00m | E22: =G22-F22 -> 2340 | F22: =G22*$H$40 -> 260 | G22: 2600 | H22: =G22*(1+$I$15) -> 3187.08 | I22: =ROUND(H22*B22,2) -> 3187.08 | J22: 3187.08 | K22: =J22/1.2258 -> 2600
A23: 6 | B23: 1 | C23: UND | D23: PILAR CONCRETO 25X30cm C/ CONSOLE - 8,60m | E23: =G23-F23 -> 2484.3686 | F23: =G23*$H$40 -> 276.04095 | G23: 2760.4095 | H23: =G23*(1+$I$15) -> 3383.71 | I23: =ROUND(H23*B23,2) -> 3383.71 | J23: 3383.71 | K23: =J23/1.2258 -> 2760.4095
A24: 7 | B24: 3 | C24: UND | D24: PILAR CONCRETO 25X30cm C/ CONSOLE -3,80m | E24: =G24-F24 -> 1097.746 | F24: =G24*$H$40 -> 121.97177 | G24: 1219.7177 | H24: =G24*(1+$I$15) -> 1495.13 | I24: =ROUND(H24*B24,2) -> 4485.39 | J24: 1495.13 | K24: =J24/1.2258 -> 1219.7177
A25: 8 | B25: 4 | C25: UND | D25: VIGA DE BALDRAME 15X30CM - 5,00M | E25: =G25-F25 -> 783.00294 | F25: =G25*$H$40 -> 87.000326 | G25: 870.00326 | H25: =G25*(1+$I$15) -> 1066.45 | I25: =ROUND(H25*B25,2) -> 4265.8 | J25: 1066.45 | K25: =J25/1.2258 -> 870.00326
A26: 9 | B26: 8 | C26: UND | D26: VIGA DE BALDRAME 15X30CM - 4,65M | E26: =G26-F26 -> 720 | F26: =G26*$H$40 -> 80 | G26: 800 | H26: =G26*(1+$I$15) -> 980.64 | I26: =ROUND(H26*B26,2) -> 7845.12 | J26: 980.64 | K26: =J26/1.2258 -> 800
A27: 10 | B27: 4 | C27: UND | D27: VIGA INTERMEDIÁRIA 15X40CM - 5,00m | E27: =G27-F27 -> 1050.4626 | F27: =G27*$H$40 -> 116.71806 | G27: 1167.1806 | H27: =G27*(1+$I$15) -> 1430.73 | I27: =ROUND(H27*B27,2) -> 5722.92 | J27: 1430.73 | K27: =J27/1.2258 -> 1167.1806
A28: 11 | B28: 8 | C28: UND | D28: VIGA INTERMEDIÁRIA 15X50CM - 4,65m | E28: =G28-F28 -> 1205.9985 | F28: =G28*$H$40 -> 133.99984 | G28: 1339.9984 | H28: =G28*(1+$I$15) -> 1642.57 | I28: =ROUND(H28*B28,2) -> 13140.56 | J28: 1642.57 | K28: =J28/1.2258 -> 1339.9984
A29: 12 | B29: 4 | C29: UND | D29: VIGA INTERMEDIÁRIA 20X50CM - 4,65m | E29: =G29-F29 -> 1628.2159 | F29: =G29*$H$40 -> 180.91287 | G29: 1809.1287 | H29: =G29*(1+$I$15) -> 2217.63 | I29: =ROUND(H29*B29,2) -> 8870.52 | J29: 2217.63 | K29: =J29/1.2258 -> 1809.1287
... A35: 18 | B35: 22 | C35: UND | D35: CUMEEIRA ALUZINCO TP 40/980 0,50MM NATURAL | E35: =G35-F35 -> 99.001468 | F35: =G35*$H$40 -> 11.000163 | G35: 110.00163 | H35: =G35*(1+$I$15) -> 134.84 | I35: =ROUND(H35*B35,2) -> 2966.48 | J35: 134.84 | K35: =J35/1.2258 -> 110.00163
H37: TOTAL | I37: =SUM(I18:I36) -> 501509.19
C38: Data: | D38: =TODAY() -> 45397
F39: TOTAL MATERIAL | H39: 0.9 | I39: =I37*H39 -> 451358.27
F40: TOTAL MÃO DE OBRA | H40: 0.1 | I40: =I37*H40 -> 50150.919
H41: TOTAL | I41: =SUM(I39:I40) -> 501509.19

Sheet Cronograma
A1: empresa
A10: =[1]Planilha!A12 -> OBRA: | B10: =Planilha!C12 -> CENTRO SOCIAL E ALMOXARIFADO
A11: =[1]Planilha!A13 -> Endereço: | B11: =Planilha!C13 -> RUA JOSÉ BOEIRA DE VARGAS
A12: =[1]Planilha!A14 -> Cidade/UF: | B12: =Planilha!C14 -> MONTE ALEGRE DOS CAMPOS / RS
A14: CRONOGRAMA FÍSICO-FINANCEIRO - ESTRUTURA DE CONCRETO C/ COBERTURA
A16: ITEM | B16: DESCRIÇÃO | D16: TOTAL | E16: 1° MÊS | G16: % | H16: 2° MÊS | I16: % | J16: 3° MÊS | K16: %
E17: 30 DIAS | H17: 60 DIAS | J17: 90 DIAS
A18: 1 | B18: Entrega de toda a estrutura pré moldada de concreto | E18: Pagamento 40% da Obra | H18: - - | I18: - - | J18: - - | K18: - -
E19: =D24*G19 -> 200603.68 | G19: 0.4
A20: 2 | B20: Montagem da Estrutura de Concreto e entrega da estrutura de cobertura | H20: Pagamento 40% da Obra | J20: - | K20: -
E21: - - | G21: - | H21: =D24*I21 -> 200603.68 | I21: 0.4
A22: 3 | B22: Conclusão da Obra | G22: - | J22: Pagamento 20% da Obra
E23: - | G23: - | H23: - - | I23: - | J23: =D24*K23 -> 100301.84 | K23: 0.2
B24: SUBTOTAL | D24: =Planilha!I41 -> 501509.19 | E24: R$ | F24: =SUM(E18:F19) -> 200603.68 | G24: =F24/D24 -> 0.4 | H24: =SUM(H20:H21) -> 200603.68 | I24: =H24/D24 -> 0.4 | J24: =SUM(J21:J23) -> 100301.84 | L24: =J24/D24 -> 0.2
B25: TOTAL ACUMULADO | D25: =D24 -> 501509.19 | E25: R$ | F25: =F24 -> 200603.68 | G25: =G24 -> 0.4 | H25: =H24+F25 -> 401207.35 | I25: =I24+G25 -> 0.8 | J25: =J24+H25 -> 501509.19 | L25: =L24+I25 -> 1
I30: Data: | J30: =TODAY() -> 45397
D32: _______________________________________
D33: Empresa

Sheet BDI
A10: Quadro de Composição do BDI
A12: P. M. DE MONTE ALEGRE DOS CAMPOS-RS
A14: OBJETO
A15: COBERTURA COM ESTRUTURA METÁLICA E TELHA DE ALUZINCO
A17: Conforme legislação tributária municipal, definir estimativa de percentual da base de cálculo para o ISS: | C17: 1
A18: Sobre a base de cálculo, definir a respectiva alíquota do ISS (entre 2% e 5%): | C18: 0.05
A20: BDI 1
A22: TIPO DE OBRA DO EMPREENDIMENTO
A23: Construção e reforma de edifícios
A25: Itens | B25: Siglas | C25: % Adotado
A27: Administração Central | B27: AC | C27: 0.0345
A28: Seguro e Garantia | B28: SG | C28: 0.004
A29: Risco | B29: R | C29: 0.005
A30: Despesas Financeiras | B30: DF | C30: 0.01
A31: Lucro | B31: L | C31: 0.07
A32: Tributos (impostos COFINS 3%, e PIS 0,65%) | B32: CP | C32: 0.03
A33: Tributos (ISS, variável de acordo com o município) | B33: ISS | C33: 0.05
A34: Tributos (Contribuição Previdenciária sobre a Receita Bruta - 0% ou 4,5% - Desoneração) | B34: CPRB | C34: 0.045
A35: BDI SEM desoneração (Fórmula Acórdão TCU) | B35: BDI PAD | C35: 0.2258
A36: BDI COM desoneração | B36: BDI DES | C36: 0.2888
A38: Os valores de BDI foram calculados com o emprego da fórmula:
A39: BDI= (1 + AC + S + R + G) * (1 + DF) * (1 + L) | J39: -1
A40: (1-CP-ISS-CRPB)
A42: Declaro para os devidos fins que, conforme legislação tributária municipal, a base de cálculo deste tipo de obra corresponde à 100%, com a respectiva alíquota de 5,00%
A44: Observações:
A47: =[1]Planilha!A42 -> TAIÓ-SC, 12 DE SETEMBRO DE 2022.
A50: _______________________________
A51: Anderson Guski
A52: CPF: 041.038.169-10
A53: RG: 4.834.934 - SSP/SC
A54: Sócio Administrador
A55: Engenheiro Civil
A56: CREA-SC 140327-2

Sheet ENCARGOS
A1: ENCARGOS SOCIAIS - ESTRUTURA DE CONCRETO C/ COBERTURA
A2: OBRA: | B2: PAVILHÃO SEC. DE OBRAS E AGRICULTURA
A3: Endereço: | B3: RUA JOSÉ BOEIRA DE VARGAS
A4: Cidade/UF: | B4: MONTE ALEGRE DOS CAMPOS / RS
